wizbiz, neutral female human Wizard # ------- ---.- ------------- |.....| |...-######### #-...........| |.....| |...| #|...........| |.....| |..<.# ------ #-.----------- |.....| |...|# |.....# ######## -----|- -.---# ----- |....|# # # # # ### |...| #.....|# # ### # # #####-...-#######|....|# # # # # ### |...| ------# # ### ## # ### # |.{..######### # -----# f ---.-------.-- # ###|...| # #..>.|# r@# |............-## #....| ####|.#.|## % # |............| ----- ## |...|# . |...^........+############*################ |...|# | -------------- # |...|# ##.....# -----# wizbiz the Evoker Experience level: 2 Strength: 12 Dexterity: 13 Constitution: 12 Intelligence: 18 Wisdom: 10 Charisma: 10 Health: 0(17) Energy: 13(23) Def: 2 Gold: 192 Moves: 1284 Dungeon seed: H3_FseUKMaGENwVh Game ID: wizbiz_1525743204 Your Inventory: Coins $ - 192 gold pieces Weapons a - a blessed +1 quarterstaff (weapon in hands) s - 6 +0 darts v - a +0 dagger Armor e - an uncursed +0 cloak of magic resistance (being worn) q - an uncursed +0 leather jacket r - an uncursed +0 cloak of invisibility N - an uncursed +0 leather jacket (being worn) Comestibles o - an uncursed food ration Scrolls i - an uncursed scroll of magic mapping j - an uncursed scroll of identify k - a blessed scroll of destroy armor p - an uncursed scroll of remove curse u - a cursed scroll of create monster x - a cursed scroll of teleportation y - an uncursed scroll of blank paper z - a cursed scroll of confuse monster Spellbooks l - a blessed spellbook of force bolt m - an uncursed spellbook of extra healing Potions f - a blessed potion of see invisible g - a blessed potion of oil h - an uncursed potion of booze t - an uncursed potion of gain ability w - an uncursed potion of levitation A - an uncursed potion of invisibility Rings c - an uncursed ring of poison resistance (on left hand) d - an uncursed ring of conflict Wands b - a wand of polymorph (0:6) Tools n - a magic marker (0:41) Gems Y - an uncursed worthless piece of yellowish brown glass Spells and supernatural/magical abilities: Name Level Category Fail Memory a - force bolt 1 attack 0% 94% x - extra healing 3 healing 91% 94% W - pray for help -- divine ? -- Your skills at the end: Fighting Skills Weapon Skills quarterstaff [Basic] Spellcasting Skills attack spells [Basic] enchantment spells [Basic] Final Attributes: You were fervently aligned. You were poison resistant. You were magic-protected. You are dead. Vanquished creatures: a coyote a hobbit a giant rat 6 jackals 2 kobolds 2 sewer rats 4 grid bugs 5 lichens 5 newts 27 creatures vanquished. Voluntary challenges: You were an atheist. You used a wielded weapon 21 times, starting on turn 150. You were illiterate. You never genocided any monsters. You never polymorphed an object. You never changed form. You used no wishes. You never split a pudding. You never wrote Elbereth's name. You never violated your personal moral code. Dungeon overview: The Dungeons of Doom: levels 1 to 4 Level 1 some fountains a long staircase Level 2 a potion shop, a fountain Level 3 <- You were here a fountain, a sink Level 4 History has recorded: On T:1 you entered the Dungeons of Doom to retrieve the Amulet of Yendor! On T:345 you advanced to experience level 2. On T:529 you reached level 2 of The Dungeons of Doom. On T:576 you reached level 3 of The Dungeons of Doom. On T:1206 you reached level 4 of The Dungeons of Doom. Score breakdown: Gold: 192 ( 7774 points) Experience: 2 levels ( 5570 points) Exploration: 4 levels ( 8.16%) ( 7500 points) Discoveries: 1 item ( 0.35%) ( 1767 points) Valuables value: (no points given unless you survive) Artifact value: 0 ( 0 points) Variety of kills: 9 monsters ( 2.36%) ( 4610 points) Turncount: 1284 turns ( 0 points) Survival: died (score multiplied by 80%) Total score: 21776 Latest messages: You miss the giant rat. The kitten misses the jackal. You miss the giant rat. The giant rat bites! The jackal bites! The kitten bites the jackal. The jackal is killed! You kill the giant rat! You miss the giant rat. The giant rat bites! You miss the giant rat. The giant rat bites! The kitten bites the giant rat. The giant rat misses the kitten. The kitten misses the giant rat. The spell misses the giant rat. The kitten misses the giant rat. The spell misses the giant rat. The giant rat bites! You die... Final status: Goodbye wizbiz the Wizard, killed by a giant rat... You died in The Dungeons of Doom on dungeon level 3 with 21776 points, and 192 pieces of gold, after 1284 moves. You were level 2 with a maximum of 17 hit points when you died.